AoeStats
← koppzer

Nomad

509974419Analyzed
4v4 RM · 2d ago on Sep 28, 2026· 42m 5s· 8 players
Game mode
Random Map
Map size
231×231
Population
200
Speed
Normal
Resources
Standard
Victory
Conquest
Starting age
Dark Age
Ending age
Imperial Age
RankedLock teamsTeams togetherTeam positionsShared explorationLock speedFull tech treeHidden civsTurbo modeCheats
Victory
Defeat
🇦🇷 Mongols · Argentina
1520
+7
🇦🇷 Varangians · Argentina
1502
+8
🇪🇸 Slavs · Spain
1354
+12
🇦🇷 Japanese · Argentina
1287
+15
🇨🇦 Sicilians · Canada
1321
-12
🇦🇷 Bengalis · Argentina
1311
-11
🇱🇹 Saracens · Lithuania
1289
-10
🇺🇸 Khmer · United States
1249
-9
koppzer
4:13 Loom
15:02 Feudal Age
15:28 Town Watch
16:01 Double-Bit Axe
17:22 Horse Collar
20:57 Castle Age
19:27 Scale Mail Armor
21:53 Bow Saw
21:30 Horse Collar
26:23 Fletching
27:48 Bodkin Arrow
31:07 Ballistics
30:51 Elite Skirmisher
38:43 Wheelbarrow
247272704
10:54 Loom
12:50 Feudal Age
17:59 Castle Age
16:21 Horse Collar
17:23 Double-Bit Axe
19:54 Bow Saw
34:54 Wheelbarrow
41:50 Imperial Age
39:56 Scale Barding Armor
40:01 Forging
40:27 Heavy Plow
40:44 Gold Mining
40:52 Stone Mining
41:00 Town Watch
41:28 Bloodlines
42:13 Hand Cart
42:15 Husbandry
Bangputys
4:25 Loom
13:52 Feudal Age
14:36 Double-Bit Axe
20:06 Castle Age
18:29 Fletching
20:31 Scale Barding Armor
20:38 Forging
20:48 Bodkin Arrow
21:11 Bow Saw
22:41 Wheelbarrow
24:46 Forging
26:49 Chain Barding Armor
26:48 Husbandry
29:22 Bloodlines
30:39 Town Watch
bigapple334
13:12 Feudal Age
14:01 Double-Bit Axe
15:00 Loom
17:36 Forging
23:47 Castle Age
21:51 Horse Collar
24:49 Medium Warships
25:33 Bow Saw
26:05 Careening
26:02 Siphons
27:33 Gold Mining
28:31 Clinker Construction
28:18 Fletching
32:22 Bodkin Arrow
35:18 Gold Shaft Mining
35:09 Padded Archer Armor
35:28 Heavy Plow
39:06 Imperial Age
38:13 Wheelbarrow
38:25 Stone Mining
40:22 Bracer
41:02 Conscription
dani_r_n
6:13 Loom
16:43 Feudal Age
17:21 Town Watch
20:18 Castle Age
18:41 Double-Bit Axe
18:37 Horse Collar
19:24 Stone Mining
20:57 Fletching
21:19 Bow Saw
28:34 Wheelbarrow
33:45 Murder Holes
36:23 Detinets
40:49 Gold Mining
eze
4:18 Loom
4:28 Loom
13:53 Feudal Age
14:27 Double-Bit Axe
19:29 Town Watch
21:48 Castle Age
21:42 Gold Mining
21:44 Stone Mining
21:38 Horse Collar
24:42 Fletching
26:29 Bodkin Arrow
27:12 Crossbowman
35:18 Wheelbarrow
36:09 Squires
38:06 Heavy Plow
41:34 Imperial Age
41:40 Imperial Age
39:28 Thumb Ring
38:45 Elite Skirmisher
40:46 Hand Cart
42:31 Bow Saw
42:23 Scale Mail Armor
42:35 Forging
42:22 Arson
Hao_Arg
4:57 Loom
13:17 Feudal Age
14:15 Double-Bit Axe
16:26 Fletching
20:56 Castle Age
19:12 Gold Mining
20:11 Fishing Lines
21:39 Bodkin Arrow
22:19 Medium Warships
22:32 Bow Saw
24:33 Gillnets
25:52 Wheelbarrow
28:49 Ballistics
28:59 Clinker Construction
33:42 Horse Collar
39:51 Imperial Age
37:41 Stone Mining
38:01 Scale Barding Armor
38:07 Forging
40:01 Stone Shaft Mining
40:32 Chain Barding Armor
40:19 Heavy Plow
40:54 Bracer
42:01 Conscription
41:03 Elite Jarl
[TBArg] Pichaco ツ
5:51 Loom
12:51 Feudal Age
16:42 Castle Age
16:13 Double-Bit Axe
18:19 Bow Saw
18:16 Horse Collar
18:49 Gold Mining
19:01 Heavy Plow
19:02 Fletching
20:09 Wheelbarrow
20:00 Bodkin Arrow
22:31 Husbandry
28:13 Gold Shaft Mining
28:30 Padded Archer Armor
30:31 Bloodlines
31:09 Padded Archer Armor
32:31 Thumb Ring
34:24 Ballistics
35:10 Leather Archer Armor
36:54 Heavy Plow
37:52 Hand Cart
42:06 Imperial Age
39:53 Hand Cart
41:14 Stone Mining
Connection lost

Rejoining the realm…

Still unreachable

The connection could not be restored.

Session expired

The server has moved on; the page needs a fresh start.